 Dungeon Crawl Stone Soup version 0.17.0-28-g6e173f8 (webtiles) character file.

509 PossumBlood the Ruffian (level 6, -7/62 HPs)
             Began as a Troll Monk on Nov 24, 2015.
             Mangled by a gnoll
             ... wielding a +0 spear
              (9 damage)
             ... on level 4 of the Dungeon.
             The game lasted 00:11:30 (2269 turns).

PossumBlood the Ruffian (Troll Monk)                Turns: 2269, Time: 00:11:30

Health: -7/62      AC:  5    Str: 22    XL:     6   Next: 98%
Magic:  5/5        EV: 11    Int:  6    God:
Gold:   166        SH:  0    Dex: 12    Spells: 0 memorised, 5 levels left

rFire  . . .     SeeInvis .       - Unarmed
rCold  . . .     Clarity  .     a - +0 robe
rNeg   . . .     SustAt   .     (no shield)
rPois  .         Gourm    +     (helmet restricted)
rElec  .         Spirit   .     (no cloak)
rCorr  .         Warding  .     (gloves unavailable)
rMut   .         Stasis   .     (boots unavailable)
MR     .....                    e - amulet of the gourmand
Stlth  ++........               (no ring)
                                (no ring)

@: not resistant to hostile enchantments, unstealthy
A: unfitting armour, claws 3, fast metabolism 3, gourmand, regeneration 2,
shaggy fur 1, tough skin 2
a: no special abilities


You were on level 4 of the Dungeon.
You were very hungry.

You visited 1 branch of the dungeon, and saw 4 of its levels.

You collected 166 gold pieces.

Inventory:

Hand Weapons
 j - a +4 dagger of draining
 p - a cursed -2 trident
Armour
 a - a +0 robe (worn)
 r - a +0 cloak
Jewellery
 e - an amulet of the gourmand (around neck)
 m - an uncursed amulet of faith {unknown}
Wands
 o - a wand of random effects (45)
 x - a wand of polymorph (9)
Scrolls
 c - 3 scrolls of fog
 l - a scroll of identify
 q - 2 scrolls of recharging
 u - a scroll of remove curse
 w - a scroll of teleportation
Potions
 d - 2 potions of might {unknown}
 h - 2 potions of lignification {unknown}
 i - a potion of curing {unknown}
 k - a potion of flight {unknown}
 s - 2 potions of agility {unknown}
 t - 2 potions of degeneration {unknown}
Comestibles
 b - 2 bread rations
 f - 2 fruits
 g - a slice of pizza
 n - 3 meat rations


   Skills:
 + Level 3.7 Fighting
 + Level 4.3 Dodging
 + Level 1.7 Stealth
 + Level 5.9 Unarmed Combat


You had 5 spell levels left.
You didn't know any spells.

Dungeon Overview and Level Annotations

Branches:
Dungeon (4/15)
 Temple: D:4-7

Altars:
Yredelemnul


Innate Abilities, Weirdness & Mutations

You are too large for most types of armour.
You have claws for hands.
Your metabolism is lightning-fast.
You like to eat raw meat.
You heal very quickly.
You are covered in fur (AC +1).
You have very tough skin (AC +2).


Message History

You are too injured to fight recklessly!
You are too injured to fight recklessly!
You are too injured to fight recklessly!
You are too injured to fight recklessly!
You are too injured to fight recklessly!
You are too injured to fight recklessly!
You are too injured to fight recklessly!
You are too injured to fight recklessly!
You are too injured to fight recklessly!
You barely miss the orc. You claw the orc.
The orc is almost dead.
The orc barely misses you.
The gnoll hits you from afar with a spear.
* * * LOW HITPOINT WARNING * * *
You claw the orc!
You kill the orc!
The orc hits you with a mace.
* * * LOW HITPOINT WARNING * * *
The gnoll hits you from afar with a spear!
You die...

...# #.# ####
#.#########.# .. ##
#........##.# #.# .#
#........##.#...# . .#
#..).....##.#...#..
.#####........##.#.o..
....))...........gg.
.##..[).......##o[####.#
.##.###.......##@......#
........................
.######.......####......
.# #.####### ...... ...
## .# #.# ........... #.
.######.# ...........##.
###.....# ..........##.
....##### ..........##.
....# ............


You could see 2 gnolls and 2 orcs.

Vanquished Creatures
  A phantom (D:3)
  Blork the orc (D:4)
  A crimson imp (D:4)
  An orc priest (D:4)
  Jessica (D:2)
  2 orc wizards
  Terence (D:2)
  Natasha (thrice) (D:4)
  2 gnolls (D:4)
  7 adders
  A giant gecko (D:1)
  5 orcs
  A ball python (D:3)
  7 bats
  5 giant cockroaches
  5 hobgoblins
  11 kobolds
  2 quokkas
  4 giant newts
  8 goblins
  4 rats
73 creatures vanquished.

Notes
Turn   | Place    | Note
--------------------------------------------------------------
     0 | D:1      | PossumBlood the Troll Monk began the quest for the Orb.
     0 | D:1      | Reached XP level 1. HP: 22/22 MP: 0/0
     6 | D:1      | Noticed a komodo dragon
     6 | D:1      | Noticed a giant leech
     6 | D:1      | Noticed a soldier ant
     7 | D:1      | Noticed a centaur
   215 | D:1      | Reached XP level 2. HP: 29/29 MP: 1/1
   654 | D:2      | Reached XP level 3. HP: 36/36 MP: 2/2
   728 | D:2      | Noticed Jessica
   738 | D:2      | Killed Jessica
   738 | D:2      | Reached XP level 4. HP: 40/44 MP: 3/3
  1080 | D:2      | Reached skill level 5 in Unarmed Combat
  1087 | D:2      | Found a basalt altar of Yredelemnul.
  1212 | D:2      | Noticed Terence
  1223 | D:2      | Killed Terence
  1375 | D:3      | Reached XP level 5. HP: 52/52 MP: 4/4
  1439 | D:3      | Noticed a phantom
  1453 | D:3      | Killed a phantom
  1453 | D:3      | Reached XP level 6. HP: 50/61 MP: 5/5
  1807 | D:4      | Noticed Natasha
  1815 | D:4      | Killed Natasha
  1864 | D:4      | Noticed Natasha
  1867 | D:4      | Killed Natasha
  1945 | D:4      | Noticed Natasha
  1948 | D:4      | Killed Natasha
  2085 | D:4      | Noticed Blork the orc
  2099 | D:4      | Killed Blork the orc
  2269 | D:4      | HP: 2/62 [orc/mace (4)]
  2269 | D:4      | Mangled by a gnoll

Action                   |  1- 3 |  4- 6 || total
-------------------------+-------+-------++-------
Melee: Unarmed           |    54 |   131 ||   185
Evoke: Wand              |       |     2 ||     2
  Use: Scroll            |     2 |     9 ||    11
 Stab: Sleeping          |     2 |     1 ||     3
  Eat: Chunk             |     7 |     5 ||    12
       Bread ration      |     1 |       ||     1
